 Dungeon Crawl Stone Soup version 0.26.1-16-g4e020e15dc (webtiles) character file.

Game seed: 16862162088030188474

100 BiteMe the Firebug (level 4, -9/33 HPs)
             Began as a Demigod Fire Elementalist on Feb 26, 2023.
             Mangled by Sigmund
             ... wielding a +2 scythe of distortion
              (14 damage)
             ... on level 2 of the Dungeon.
             The game lasted 00:21:42 (3198 turns).

BiteMe the Firebug (Demigod Fire Elementalist)      Turns: 3198, Time: 00:21:43

Health: -9/33      AC:  2    Str: 11    XL:     4   Next: 23%
Magic:  5/11       EV: 13    Int: 19    God:
Gold:   79         SH:  0    Dex: 18    Spells: 7/8 levels left

rFire    . . .     SeeInvis .   q - +0 hunting sling
rCold    . . .     Faith    .   (no shield)
rNeg     . . .     Spirit   .   a - +0 robe
rPois    .         Reflect  .   (no helmet)
rElec    .         Harm     .   (no cloak)
rCorr    .         Rampage  .   (no gloves)
Will     .....                  (no boots)
Stlth    ++........             (no amulet)
HPRegen  0.11/turn              (no ring)
MPRegen  0.12/turn              (no ring)

@: very slightly contaminated
A: high mp 1
a: no special abilities


You were on level 2 of the Dungeon.
You visited 1 branch of the dungeon, and saw 2 of its levels.

You collected 79 gold pieces.

Inventory:

Hand Weapons
 b - a +0 club
 c - a +0 dagger
 k - a +0 flail
 q - a +0 hunting sling (weapon)
Missiles
 g - 38 sling bullets (quivered ammo)
Armour
 a - a +0 robe (worn)
Scrolls
 e - a scroll of teleportation {unknown}
 f - a scroll of identify {unknown}
 h - a scroll of fear {unknown}
 j - a scroll of magic mapping {unknown}
 o - a scroll of remove curse {unknown}
Potions
 d - a potion of haste {unknown}
 i - a potion of might {unknown}
 l - a potion of ambrosia {unknown}
 m - a potion of attraction {unknown}
 n - a potion of degeneration {unknown}
 p - a potion of heal wounds {unknown}


   Skills:
 + Level 0.2 Fighting
 + Level 2.1 Dodging
 - Level 1.7 Stealth
 * Level 2.8 Spellcasting
 + Level 2.0 Conjurations
 * Level 3.3 Fire Magic


You had 7 spell levels left.
You knew the following spells:

 Your Spells              Type           Power        Failure   Level
a - Foxfire               Conj/Fire      48%          5%          1

Your spell library contained the following spells:

 Spells                   Type           Power        Failure   Level
 Conjure Flame            Conj/Fire      12%          16%         3
 Inner Flame              Hex/Fire       9%           24%         3
 Sticky Flame             Conj/Fire      12%          45%         4
 Fireball                 Conj/Fire      6%           82%         5


Dungeon Overview and Level Annotations

Branches:
Dungeon (2/15)

Annotations:
D:2 Sigmund


Innate Abilities, Weirdness & Mutations

You have an increased reservoir of magic. (+10% MP)


Message History

You miscast Foxfire.
You are very lightly contaminated with residual magic.
Nothing appears to happen.
Casting: Foxfire (safe; 5% risk of failure)
Confirm with . or Enter, or press ? or * to list all spells.
You conjure some foxfire!
Something barely misses you.
The foxfire hits something. x2
Casting: Foxfire (safe; 5% risk of failure)
Confirm with . or Enter, or press ? or * to list all spells.
You conjure some foxfire!
The foxfire hits something. x2
Casting: Foxfire (safe; 5% risk of failure)
Confirm with . or Enter, or press ? or * to list all spells.
You miscast Foxfire.
Nothing appears to happen.
Casting: Foxfire (safe; 5% risk of failure)
Confirm with . or Enter, or press ? or * to list all spells.
You conjure some foxfire!
Something hits you!
* * * LOW HITPOINT WARNING * * *
Space warps horribly around you!
You die...

#.###
#....######.......
....#
..((....(#..†.#
#....... ..#.#
.........#....#
######## ..#.#
...(.....#....#
#.#.#
.........#....#
#.#.#
.....(........#
..#.#
..............#
....#
..........(...#
..###
.........v@...#
...#
.........v....#
...#
..............#
...#
###############
...# ..## ..# ..#
..#


There were no monsters in sight!

Vanquished Creatures
  2 adders (D:2)
  4 oozes (D:1)
  2 worms
  A dart slug (D:2)
  A leopard gecko (D:1)
  9 bats
  6 giant cockroaches (D:1)
  6 goblins
  8 hobgoblins
  3 jackals (D:1)
  2 frilled lizards (D:1)
  5 kobolds
  8 rats
57 creatures vanquished.

Vanquished Creatures (others)
  164 foxfires
164 creatures vanquished.

Grand Total: 221 creatures vanquished

Notes
Turn   | Place    | Note
-------+----------+-------------------------------------------
     0 | D:1      | BiteMe the Demigod Fire Elementalist began the quest for
                  | the Orb.
     0 | D:1      | Reached XP level 1. HP: 14/14 MP: 5/5
     1 | D:1      | Found a runed translucent door.
   169 | D:1      | Reached skill level 1 in Conjurations
   416 | D:1      | Reached XP level 2. HP: 20/20 MP: 4/7
   418 | D:1      | Reached skill level 3 in Fire Magic
  1820 | D:1      | Reached XP level 3. HP: 26/26 MP: 6/8
  2341 | D:2      | Noticed Sigmund
  2850 | D:2      | Reached XP level 4. HP: 33/33 MP: 7/10
  3198 | D:2      | Mangled by Sigmund

Illustrated notes

Levels and vault maps discovered:
D:1:      dpeg_arrival_caged_fury, layout_basic
D:2:      layout_basic, kennysheep_generic_room_3, uniq_sigmund

Skill      XL: |  1  2  3  4 |
---------------+-------------+-----
Conjurations   | 1 2 |  2.0
Dodging        | 2 |  2.1
Fire Magic     | 3 |  3.3
Spellcasting   | 2 |  2.8
Fighting       | |  0.2
Stealth        | |  1.7

Action                   |  1- 3 |  4- 6 || total
-------------------------+-------+-------++-------
Melee: Club              |    17 |       ||    17
       Flail             |     8 |     2 ||    10
 Fire: Hunting sling     |       |     5 ||     5
 Cast: Foxfire           |    79 |    18 ||    97
Armor: Robe              |    21 |     2 ||    23
Dodge: Dodged            |    48 |     7 ||    55
